Kradschützen Motorcycle Team
Construct Light Support Kompanie
Construct Mechanized Kompanie
Selects L6/40 Light Tank Combat Group
Selects Defensive Operations
L6/40 Light Tank Combat Group
Selects Towed Cannone da 105/28 Field Howitzer
Towed Cannone da 105/28 Field Howitzer
Construct Panzerarmee Kommand
Selects Prepared Positions
Selects Territory Booby Traps
Selects Obice 305mm Barrage
Flak 36 Anti-tank Gun Team